 Dungeon Crawl Stone Soup version 0.30-a0-782-ge64f9170bb (webtiles) character file.

Game seed: 10513142853217966243

464 112233 the Grave Robber (level 6, -1/41 HPs)
             Began as a Demonspawn Necromancer on Mar 2, 2023.
             Killed by divine providence
             ... invoked by an orc priest
              (12 damage)
             ... on level 7 of the Dungeon.
             The game lasted 00:07:04 (4852 turns).

112233 the Grave Robber (Demonspawn Necromancer)    Turns: 4852, Time: 00:07:05

Health: -1/41      AC:  6    Str:  7 (9)  XL:     6   Next: 80%
Magic:  2/11       EV: 12    Int: 17 (18) God:
Gold:   116        SH:  0    Dex: 11 (13) Spells: 8/12 levels left

rFire   . . .      SeeInvis .    g - +2 short sword (drain)
rCold   . . .      Faith    .    (no shield)
rNeg    . . .      Spirit   .    a - +0 robe
rPois   .          Reflect  .    (no helmet)
rElec   .          Harm     .    (no cloak)
rCorr   .          Rampage  .    i - +1 pair of gloves
Will    .....                    (no boots)
Stlth   +                        (no amulet)
HPRegen 0.26/turn                (no ring)
MPRegen 0.12/turn                (no ring)

@: confused
A: thin metallic scales 1, weakness stinger 1
a: no special abilities


You were on level 7 of the Dungeon.
You visited 1 branch of the dungeon, and saw 7 of its levels.

You collected 116 gold pieces.

Inventory:

Hand Weapons
 g - a +2 short sword of draining (weapon)
 t - a +3 short sword of electrocution
Missiles
 b - a throwing net
Armour
 a - a +0 robe (worn)
 i - a +1 pair of gloves (worn)
 w - a +0 pair of boots
Wands
 v - a wand of charming (4)
Scrolls
 c - 2 scrolls of identify {unknown}
 j - 2 scrolls of enchant weapon
 n - a scroll of teleportation
 q - 3 scrolls of torment {unknown}
 r - 2 scrolls of poison {unknown}
 s - a scroll of immolation {unknown}
Potions
 e - a potion of flight {unknown}
 f - a potion of haste {unknown}
 h - a potion of invisibility {unknown}
 k - a potion of degeneration
 l - a potion of brilliance {unknown}
 m - 2 potions of resistance {unknown}
 o - a potion of might {unknown}
 p - 2 potions of heal wounds {unknown}
 u - a potion of mutation {unknown}


   Skills:
 + Level 3.6 Dodging
 - Level 2.8 Stealth
 + Level 3.7 Spellcasting
 * Level 6.6 Necromancy


You had 8 spell levels left.
You knew the following spells:

 Your Spells              Type           Power      Damage    Failure   Level
a - Necrotise             Necr           100%       1d9       1%          1
b - Vampiric Draining     Necr           25%        2d7       3%          3

Your spell library contained the following spells:

 Spells                   Type           Power      Damage    Failure   Level
 Animate Dead             Necr           25%        N/A       11%         4
 Sting                    Tmut/Pois      12%        1d3       16%         1
 Poisonous Vapours        Pois/Air       6%         N/A       24%         2
 Agony                    Necr           25%        N/A       30%         5
 Ignite Poison            Fire/Tmut/Pois 3%         N/A       43%         3
 Cause Fear               Hex            1%         N/A       85%         4
 Olgreb's Toxic Radiance  Pois           3%         N/A       85%         4
 Sticky Flame             Conj/Fire      3%         2d3       85%         4
 Dragon Form              Tmut           1%         N/A       100%        7
 Ignition                 Fire           1%         3d3       100%        8
 Dragon's Call            Summ           1%         N/A       100%        9


Dungeon Overview and Level Annotations

Branches:
Dungeon (7/15)
 Temple: D:4-7

Altars:

Shops:
D:4 =


Innate Abilities, Weirdness & Mutations

You are partially covered in thin metallic scales. (AC +2)
You have a small tail.


Message History

The orc priest closely misses you.
Unknown command.
Unknown command.
Casting: Vampiric Draining (dangerous; 3% risk of failure)
Confirm with . or Enter, or press ? or * to list all spells.
Aiming: Vampiric Draining (dangerous; 3% risk of failure)
Press: ? - help, Shift-Dir - straight line, f - orc wizard
Aim: an orc wizard, wielding a +2 mace of holy wrath and wearing a +0 robe You draw life force from the orc wizard!
You feel life coursing into your body. The orc priest completely misses you.
The orc wizard hits you with a +2 mace of holy wrath.
You convulse.
Unknown command.
Okay, then.
Okay, then.
Aiming: Charm
Press: ? - help, Shift-Dir - straight line, f - orc priest, p - orc wizard
Aim: an orc priest, wielding a +0 short sword and wearing a +0 leather armour (chance to affect: 49%)
The orc priest resists with some effort.
The orc priest hits you with a +0 short sword.
* * * LOW HITPOINT WARNING * * *
The orc wizard closely misses you.
Unknown command.
Aiming: Charm
Press: ? - help, Shift-Dir - straight line, f/p - orc priest
Aim: an orc priest, wielding a +0 short sword and wearing a +0 leather armour (chance to affect: 49%)
The orc priest resists with some effort.
The orc priest hits you but does no damage.
The orc wizard casts a spell at you.
You are confused.
Unknown command.
You are too confused!
You're too confused to aim your attacks!
Unknown command.
It was a potion of degeneration.
There was something very wrong with that liquid.
You feel weakened.
You feel dopey.
You feel clumsy.
The orc priest calls down the wrath of Beogh upon you.
Beogh smites you!
You die...

#######
#..)@.#
#...oo#
#.....#
..._...#
##..>...#
........#
..########
##


You could see an orc priest and an orc wizard.

Vanquished Creatures
  Blork the orc (D:4)
  A gnoll bouda (D:4)
  2 iguanas
  2 orc wizards
  7 adders
  9 gnolls
  2 worms
  4 dart slugs
  15 orcs
  4 ball pythons
  6 endoplasms
  4 goblins
  7 hobgoblins
  5 jackals
  11 kobolds
  4 quokkas
  6 bats
  2 frilled lizards
  3 rats (D:1)
95 creatures vanquished.

Vanquished Creatures (collateral kills)
  An orc (D:3)
  2 endoplasms (D:1)
  A giant cockroach (D:3)
  A jackal (D:1)
  A frilled lizard (D:1)
6 creatures vanquished.

Vanquished Creatures (others)
  2 plants (D:6)
2 creatures vanquished.

Grand Total: 103 creatures vanquished

Notes
Turn   | Place    | Note
-------+----------+-------------------------------------------
     0 | D:1      | 112233 the Demonspawn Necromancer began the quest for the
                  | Orb.
     0 | D:1      | Reached XP level 1. HP: 13/13 MP: 3/3
   208 | D:1      | Gained mutation: You have a small tail. [demonic ancestry]
   208 | D:1      | Reached XP level 2. HP: 19/19 MP: 3/5
   674 | D:1      | Reached XP level 3. HP: 24/24 MP: 1/6
  2063 | D:3      | Gained mutation: You are partially covered in thin metallic
                  | scales. (AC +2) [demonic ancestry]
  2063 | D:3      | Reached XP level 4. HP: 21/30 MP: 0/7
  2184 | D:3      | Reached skill level 5 in Necromancy
  2297 | D:3      | Learned a level 3 spell: Vampiric Draining
  2578 | D:3      | Reached XP level 5. HP: 35/35 MP: 0/9
  3319 | D:4      | Found Uduofupn's Jewellery Shoppe.
  3536 | D:5      | Entered Level 5 of the Dungeon
  3676 | D:3      | Reached XP level 6. HP: 41/41 MP: 3/11
  3947 | D:4      | Reached skill level 6 in Necromancy
  4288 | D:4      | Noticed Blork the orc
  4296 | D:4      | Killed Blork the orc
  4658 | D:4      | You fall into a shaft and drop 2 floors!
  4845 | D:6      | Noticed an ice beast
  4852 | D:7      | Killed from afar by an orc priest

Illustrated notes

Levels and vault maps discovered:
D:1:      zelgadis_glass_arrival_large, layout_loops_ring
D:2:      layout_rooms, minmay_misc_feat_tiny
D:3:      layout_loops_ring, chequers_serial_rivers_room_a
D:4:      layout_layer_cave, portal_sewer_entry_d,
          minmay_shop_enchanted_jewellery, uniq_blork_the_orc
D:5:      layout_loops_ring, fedhas_ov_isle_minmay,
          nicolae_ossuary_entry_false_entrances
D:6:      layout_basic, minmay_temple_entry_gardened_gates, serial_shops,
          kennysheep_mini
D:7:      layout_rooms, okawaru_gym_becter, overflow_temple_1_default,
          chequers_temple_overflow_statue_of_worship

Skill      XL: |  1  2  3  4  5  6 |
---------------+-------------------+-----
Dodging        | 2 3 |  3.6
Stealth        | 2 |  2.8
Necromancy     | 5 6 |  6.6
Spellcasting   | 3 |  3.7

Action                     |  1- 3 |  4- 6 || total
---------------------------+-------+-------++-------
  Melee: Unarmed           |     2 |       ||     2
         Short sword       |     4 |    27 ||    31
         Tailslap          |       |     4 ||     4
   Cast: Necrotise         |    80 |   123 ||   203
         Vampiric Draining |       |    10 ||    10
  Evoke: Wand              |       |     2 ||     2
    Use: Potion            |       |     2 ||     2
         Scroll            |       |     3 ||     3
 Armour: Robe              |     4 |    25 ||    29
  Dodge: Dodged            |    27 |    63 ||    90

Table legend: (Time is in decaauts)
 A = Elapsed time spent in this place.
 B = Non-inter-level travel time spent in this place.
 C = Inter-level travel time spent in this place.
 D = Time resting spent in this place.
 E = Time spent auto-exploring this place.
 F = Levels seen in this place.
 G = Mean time per level.
                   A        B        C        D        E       F      G
               +--------+--------+--------+--------+--------+-----+--------+
         Total |   4853 |   4606 |    247 |    814 |   3129 |   7 |  693.3 |
       Dungeon |   4853 |   4606 |    247 |    814 |   3129 |   7 |  693.3 |
               +--------+--------+--------+--------+--------+-----+--------+

Top non-repeatable levels by time:
     D:3: 1912 daAuts
     D:1: 1264 daAuts
     D:4: 755 daAuts
     D:2: 722 daAuts
     D:6: 188 daAuts
     D:7: 4 daAuts
     D:5: 4 daAuts
